 Dungeon Crawl Stone Soup version 0.30.1 (webtiles) character file.

Game seed: 16424790275382744220

157 AIAndy the Cudgeller (level 5, -4/41 HPs)
             Began as a Gnoll Wanderer on July 4, 2023.
             Slain by Crazy Yiuf
             ... wielding a +4 quarterstaff of chaos
              (11 damage)
             ... on level 2 of the Dungeon.
             The game lasted 00:07:37 (1474 turns).

AIAndy the Cudgeller (Gnoll Wanderer)               Turns: 1474, Time: 00:07:39

Health: -4/41      AC: 11    Str: 14    XL:     5   Next: 38%
Magic:  7/7        EV:  4    Int:  9    God:
Gold:   95         SH:  0    Dex: 15    Spells: 7/7 levels left

rFire   . . .        a - +0 flail
rCold   . . .        (no shield)
rNeg    . . .        g - +0 plate armour
rPois   .            (helmet restricted)
rElec   .            c - +0 cloak
rCorr   .            (no gloves)
SInv    .            (no boots)
Will    .....        (no amulet) Stlth
                     (no ring)
HPRegen 0.26/turn    (no ring)
MPRegen 0.10/turn

%: no passive effects
@: lethally poisoned (-4 -> -9), hasted, very quick
A: fangs 1, strong nose, distributed training, horns 1, thin skeletal structure
1, wild magic 1
a: no special abilities


You were on level 2 of the Dungeon.
You visited 1 branch of the dungeon, and saw 2 of its levels.

You collected 95 gold pieces.

Inventory:

Hand Weapons
 a - a +0 flail (weapon)
 l - a +0 sling
 o - a +3 spear
Armour
 c - a +0 cloak (worn)
 g - a +0 plate armour (worn)
Scrolls
 d - 2 scrolls of butterflies
 f - a scroll of fear {unknown}
 i - 2 scrolls of teleportation {unknown}
 j - a scroll of identify {unknown}
 k - a scroll of poison {unknown}
 m - a scroll of enchant armour {unknown}
 n - a scroll of blinking {unknown}


   Skills:
 + Level 3.0 Fighting
 + Level 1.5 Short Blades
 + Level 4.8 Long Blades
 + Level 1.5 Axes
 + Level 6.7 Maces & Flails
 + Level 1.5 Polearms
 + Level 1.5 Staves
 + Level 1.5 Ranged Weapons
 + Level 3.0 Throwing
 + Level 1.5 Armour
 + Level 1.5 Dodging
 + Level 4.4 Stealth
 + Level 1.5 Shields
 + Level 1.5 Unarmed Combat
 + Level 1.5 Spellcasting
 + Level 1.2 Conjurations
 + Level 1.2 Hexes
 + Level 1.2 Summonings
 + Level 1.2 Necromancy
 + Level 1.2 Translocations
 + Level 1.2 Transmutations
 + Level 1.2 Fire Magic
 + Level 1.2 Ice Magic
 + Level 1.2 Air Magic
 + Level 1.2 Earth Magic
 + Level 1.2 Poison Magic
 + Level 3.1 Invocations
 + Level 1.5 Evocations


You had 7 spell levels left.
You didn't know any spells.
Your spell library contained the following spells:

 Spells                   Type           Power      Damage    Failure   Level
 Beastly Appendage        Tmut           6%         N/A       100%        1
 Wereblood                Tmut           3%         N/A       100%        2
 Spider Form              Tmut/Pois      3%         N/A       100%        3


Dungeon Overview and Level Annotations

Branches:
Dungeon (2/15)

Altars:

Annotations:
D:2 Crazy Yiuf


Innate Abilities, Weirdness & Mutations

You have very sharp teeth.
Your uncanny sense of smell can sniff out nearby items.
Your experience applies equally to all skills.
You have a pair of small horns on your head.
You have a somewhat thin skeletal structure. (Dex +2, Stealth+)
Your spells are a little harder to cast, but a little more powerful.


Message History

You resist with some effort.
You hit Crazy Yiuf but do no damage.
Crazy Yiuf is lightly wounded.
You feel sick.
Crazy Yiuf says, "Buddy fast unthinkable!"
Crazy Yiuf hits you with a +4 quarterstaff of chaos.
* * * LOW HITPOINT WARNING * * *
You are lethally poisoned!
Crazy Yiuf hits you with a +4 quarterstaff of chaos.
* * * LOW HITPOINT WARNING * * *
It was a potion of ambrosia.
You are confused.
You feel invigorated.
* * * LOW HITPOINT WARNING * * *
You feel very sick. Crazy Yiuf barely misses you.
* * * LOW HITPOINT WARNING * * *
You feel very sick.
You bump into the tree.
* * * LOW HITPOINT WARNING * * *
You feel very sick.
Crazy Yiuf cries, "You leg down broken song, no?"
Crazy Yiuf hits you with a +4 quarterstaff of chaos.
* * * LOW HITPOINT WARNING * * *
You feel yourself speed up.
You miss Crazy Yiuf. You bite Crazy Yiuf.
Crazy Yiuf is lightly wounded.
* * * LOW HITPOINT WARNING * * *
You feel sick.
You bump into the tree.
You feel sick.
Crazy Yiuf cries, "You leg down broken song, no?"
Crazy Yiuf hits you with a +4 quarterstaff of chaos.
* * * LOW HITPOINT WARNING * * *
You hit Crazy Yiuf.
Crazy Yiuf is moderately wounded.
You feel less invigorated.
You feel less confused.
You feel sick.
Crazy Yiuf hits you with a +4 quarterstaff of chaos!
You die...

#...#
##
##..##
#.
#....#
##
♣PP..♣
#.
♣..P♣♣
##
♣♣.♣♣
#.
♣.♣♣
##
♣♣.♣
#.
♣@♣♣
##
♣♣g♣
#. #'#
## ...
#.
#...#
##
#..)#
#.
#####
## #.
####
##


You could see Crazy Yiuf.

Vanquished Creatures
  Natasha (twice) (D:2)
  Terence (D:2)
  Robin (D:2)
  2 adders (D:2)
  A worm (D:2)
  3 bats
  5 endoplasms
  2 giant cockroaches (D:1)
  9 goblins
  7 hobgoblins
  3 jackals (D:2)
  4 kobolds
  2 quokkas (D:1)
  2 ball pythons (D:2)
  A frilled lizard (D:2)
  7 rats
52 creatures vanquished.

Notes
Turn   | Place    | Note
-------+----------+-------------------------------------------
     0 | D:1      | AIAndy the Gnoll Wanderer began the quest for the Orb.
     0 | D:1      | AIAndy set off with the following items: a +0 flail, a +0
                  | falchion, a +0 cloak, a scroll of butterflies, a +0 leather
                  | armour.
     0 | D:1      | Reached XP level 1. HP: 17/17 MP: 2/2
   267 | D:1      | Reached XP level 2. HP: 23/23 MP: 3/3
   860 | D:2      | Reached XP level 3. HP: 28/28 MP: 4/4
   886 | D:2      | Noticed Terence
   901 | D:2      | Killed Terence
   902 | D:2      | Reached skill level 1 in Short Blades
   902 | D:2      | Reached skill level 1 in Axes
   902 | D:2      | Reached skill level 1 in Polearms
   902 | D:2      | Reached skill level 1 in Staves
   902 | D:2      | Reached skill level 1 in Ranged Weapons
   902 | D:2      | Reached skill level 1 in Armour
   902 | D:2      | Reached skill level 1 in Dodging
   902 | D:2      | Reached skill level 1 in Shields
   902 | D:2      | Reached skill level 1 in Unarmed Combat
   902 | D:2      | Reached skill level 1 in Spellcasting
   902 | D:2      | Reached skill level 1 in Evocations
   905 | D:2      | Reached XP level 4. HP: 23/34 MP: 4/6
   987 | D:2      | Noticed Robin
  1006 | D:2      | Gained mutation: Your spells are a little harder to cast,
                  | but a little more powerful. [potion of mutation]
  1006 | D:2      | Gained mutation: You have a pair of small horns on your
                  | head. [potion of mutation]
  1006 | D:2      | Gained mutation: You have a somewhat thin skeletal
                  | structure. (Dex +2, Stealth+) [potion of mutation]
  1009 | D:2      | Killed Robin
  1010 | D:2      | Reached skill level 1 in Conjurations
  1010 | D:2      | Reached skill level 1 in Hexes
  1010 | D:2      | Reached skill level 1 in Summonings
  1010 | D:2      | Reached skill level 1 in Necromancy
  1010 | D:2      | Reached skill level 1 in Translocations
  1010 | D:2      | Reached skill level 1 in Transmutations
  1010 | D:2      | Reached skill level 1 in Fire Magic
  1010 | D:2      | Reached skill level 1 in Ice Magic
  1010 | D:2      | Reached skill level 1 in Air Magic
  1010 | D:2      | Reached skill level 1 in Earth Magic
  1010 | D:2      | Reached skill level 1 in Poison Magic
  1050 | D:2      | Noticed Natasha
  1057 | D:2      | Killed Natasha
  1058 | D:2      | Reached XP level 5. HP: 18/40 MP: 7/7
  1220 | D:2      | Noticed Natasha
  1226 | D:2      | Killed Natasha
  1461 | D:2      | Found a runed translucent door.
  1462 | D:2      | Noticed Crazy Yiuf
  1474 | D:2      | Slain by Crazy Yiuf

Illustrated notes

Levels and vault maps discovered:
D:1:      sevenhm_arrival_forest_fort_small_6, layout_basic, chequers_avenue
D:2:      layout_rooms, chequers_serial_rivers_small_a, roderic_roman_lattice,
          uniq_crazy_yiuf_cottage, uniq_robin, uniq_natasha, uniq_terence

Skill      XL: |  1  2  3  4  5 |
---------------+----------------+-----
Short Blades   | 1 |  1.5
Axes           | 1 |  1.5
Polearms       | 1 |  1.5
Staves         | 1 |  1.5
Ranged Weapons | 1 |  1.5
Armour         | 1 |  1.5
Dodging        | 1 |  1.5
Shields        | 1 |  1.5
Unarmed Combat | 1 |  1.5
Spellcasting   | 1 |  1.5
Evocations     | 1 |  1.5
Conjurations   | 1 |  1.2
Hexes          | 1 |  1.2
Summonings     | 1 |  1.2
Necromancy     | 1 |  1.2
Translocations | 1 |  1.2
Transmutations | 1 |  1.2
Fire Magic     | 1 |  1.2
Ice Magic      | 1 |  1.2
Air Magic      | 1 |  1.2
Earth Magic    | 1 |  1.2
Poison Magic   | 1 |  1.2
Invocations    | 3 |  3.1
Fighting       | 3 |  3.0
Throwing       | 3 |  3.0
Long Blades    | |  4.8
Maces & Flails | |  6.7
Stealth        | |  4.4

Action                     |  1- 3 |  4- 6 || total
---------------------------+-------+-------++-------
  Melee: Flail             |    81 |    67 ||   148
         Bite              |    12 |     4 ||    16
         Punch             |     1 |     1 ||     2
         Headbutt          |       |     5 ||     5
    Use: Potion            |       |     3 ||     3
 Armour: Leather armour    |    14 |       ||    14
         Plate armour      |    31 |    45 ||    76
  Dodge: Dodged            |    22 |    13 ||    35
